 Dungeon Crawl Stone Soup version 0.29.1-1-gd02db6906a (webtiles) character file.

Game seed: 15417124904893795471

59 LustLizard the Vexing (level 3, -2/18 HPs)
             Began as a Spriggan Arcane Marksman on Sept 26, 2022.
             Killed from afar by Sigmund (11 damage)
             ... with a puff of flame
             ... on level 2 of the Dungeon.
             The game lasted 00:03:13 (1478 turns).

LustLizard the Vexing (Spriggan Arcane Marksman)    Turns: 1478, Time: 00:03:13

Health: -2/18      AC:  2    Str: 12    XL:     3   Next: 78%
Magic:  13/15      EV: 17    Int: 14    God:
Gold:   63         SH:  0    Dex: 17    Spells: 3/4 levels left

rFire   . . .      SeeInvis +   a - +1 sling
rCold   . . .      Faith    .   (no shield)
rNeg    . . .      Spirit   .   c - +0 robe
rPois   .          Reflect  .   (helmet restricted)
rElec   .          Harm     .   (no cloak)
rCorr   .          Rampage  .   (gloves unavailable)
Will    .....                   (boots unavailable)
Stlth   ++........              (no amulet)
HPRegen 0.06/turn               e - ring of magical power
MPRegen 0.14/turn               k - +6 ring of strength

@: very quick
A: very small, no large weapons, unfitting armour, see invisible, speed 3
a: no special abilities


You were on level 2 of the Dungeon.
You visited 1 branch of the dungeon, and saw 2 of its levels.

You collected 63 gold pieces.

Inventory:

Hand Weapons
 a - a +1 sling (weapon)
Armour
 c - a +0 robe (worn)
Jewellery
 e - a ring of magical power (left hand)
 k - a +6 ring of strength (right hand)
Scrolls
 b - 2 scrolls of poison
 f - 2 scrolls of blinking {unknown}
 i - a scroll of amnesia {unknown}
 l - a scroll of brand weapon {unknown}
 m - a scroll of magic mapping {unknown}
 n - a scroll of teleportation {unknown}
Potions
 d - 4 potions of brilliance
 g - a potion of curing {unknown}
 h - a potion of lignification
 j - a potion of flight {unknown}


   Skills:
 + Level 1.3 Fighting
 * Level 2.9 Ranged Weapons
 - Level 2.6 Dodging
 * Level 3.2 Stealth
 - Level 1.3 Spellcasting
 - Level 4.0 Hexes


You had 3 spell levels left.
You knew the following spells:

 Your Spells              Type           Power      Damage    Failure   Level
a - Slow                  Hex            48%        N/A       4%          1

Your spell library contained the following spells:

 Spells                   Type           Power      Damage    Failure   Level
 Inner Flame              Hex/Fire       6%         N/A       32%         3
 Portal Projectile        Hex/Tloc       12%        N/A       32%         3
 Cause Fear               Hex            6%         N/A       43%         4


Dungeon Overview and Level Annotations

Branches:
Dungeon (2/15)

Altars:
Nemelex Xobeh

Annotations:
D:2 Sigmund


Innate Abilities, Weirdness & Mutations

You are very small and have problems with some larger weapons.
You are too small for most types of armour.
You have supernaturally acute eyesight. (SInv)
You cover ground extremely quickly. (Speed+++)


Message History

You shoot a sling bullet. The sling bullet hits Sigmund.
Sigmund is almost dead.
Sigmund closely misses you.
You shoot a sling bullet.
The sling bullet closely misses Sigmund.
You shoot a sling bullet.
The sling bullet closely misses Sigmund.
Sigmund barely misses you.
You shoot a sling bullet.
The sling bullet hits Sigmund but does no damage.
Sigmund is almost dead.
You shoot a sling bullet. The sling bullet barely misses Sigmund.
Sigmund completely misses you.
You shoot a sling bullet. The sling bullet barely misses Sigmund.
Sigmund casts a spell at you. You resist with some effort.
You shoot a sling bullet. The sling bullet hits Sigmund.
Sigmund is almost dead.
Sigmund hits you from afar with a +0 scythe!
Ouch! That really hurt!
You are too injured to fight recklessly!
You are too injured to fight recklessly!
Unknown command.
You start resting.
Sigmund is nearby!
Casting: Slow (safe; 4% risk of failure)
Confirm with . or Enter, or press ? or * to list all spells.
Aiming: Slow (safe; 4% risk of failure)
Press: ? - help, Shift-Dir - straight line, f/p - Sigmund
Aim: Sigmund, wielding a +0 scythe and wearing a +0 robe (almost dead, chance to affect: 60%) Sigmund seems to slow down.
You are too injured to fight recklessly!
Aiming: Slow (safe; 4% risk of failure)
Press: ? - help, Q - select action, (/) - cycle Shift-Dir - straight line, f/p - Sigmund
Aim: Sigmund, wielding a +0 scythe and wearing a +0 robe (almost dead, slow, chance to affect: 60%) Sigmund seems to slow down.
Sigmund points at you and mumbles some strange words.
The puff of flame hits you!
Ouch! That really hurt!
You die...

##.@.....## #.#
.'......## #.# ##....###
#.# ####### #.# #.# #.#
#.# #.# #.# ######### #.#
#.## #...>@..####.# ...#
#.#####.##.@.# ...###.#
#.##.##### .......#
#........## ######.#
#.##.##...# #
#@#####.........### #
#.................## #
#.##....@.....<....#
######.######........)..#
.......# #........##.#


You could see Sigmund (slow).

Vanquished Creatures
  Jessica (D:2)
  A worm (D:2)
  A dart slug (D:1)
  2 ball pythons (D:2)
  An endoplasm (D:1)
  2 giant cockroaches
  3 goblins
  A hobgoblin (D:2)
  2 jackals (D:1)
  2 kobolds (D:1)
  3 quokkas
  3 bats
  2 frilled lizards (D:1)
  3 rats
27 creatures vanquished.

Notes
Turn   | Place    | Note
-------+----------+-------------------------------------------
     0 | D:1      | LustLizard the Spriggan Arcane Marksman began the quest for
                  | the Orb.
     0 | D:1      | Reached XP level 1. HP: 9/9 MP: 3/3
    75 | D:1      | Reached skill level 1 in Stealth
   187 | D:1      | Reached XP level 2. HP: 14/14 MP: 5/5
   370 | D:1      | Reached skill level 1 in Fighting
   660 | D:1      | Reached skill level 4 in Hexes
   803 | D:2      | Noticed Jessica
   809 | D:2      | Killed Jessica
   810 | D:2      | Reached XP level 3. HP: 18/18 MP: 6/6
   911 | D:2      | Found a faded altar of an unknown god.
   991 | D:2      | Identified the +3 leather armour of Darkness {rF+ Str-3
                  | Slay+6}
  1019 | D:2      | Found a sparkling altar of Nemelex Xobeh.
  1030 | D:2      | Noticed Sigmund
  1478 | D:2      | Killed from afar by Sigmund

Illustrated notes

Levels and vault maps discovered:
D:1:      dpeg_arrival_rooms_c, layout_basic
D:2:      layout_loops_ring, shapermc_ecumenical_altar_pompeii, basic_altar,
          lightli_corner_chamber, uniq_jessica, uniq_sigmund

Skill      XL: |  1  2  3 |
---------------+----------+-----
Stealth        | 1 2 3 |  3.2
Fighting       | 1 |  1.3
Hexes          | 4 |  4.0
Ranged Weapons | |  2.9
Dodging        | |  2.6
Spellcasting   | |  1.3

Action                   || total
-------------------------++-------
 Fire: Sling             ||   105
 Cast: Slow              ||     9
  Use: Scroll            ||     2
Armor: Robe              ||     5
Dodge: Dodged            ||    19
